[Event "Titled Tuesday Blitz August 15 Late 2023"]
[White "Mendez Fortes, Eduardo Jesus"]
[Black "Karamsetty, Jeevan"]
[WhiteFideId "3502376"]
[BlackFideId "2025337"]
[WhiteElo "2601"]
[BlackElo "2521"]
[Result "1-0"]
[Round "11"]
[TimeControl "180+1"]
[Date "2023.08.15"]
[WhiteClock "0:00:30"]
[BlackClock "0:00:00"]
[Board "40"]

1. e4 d6 2. d4 Nf6 3. Nc3 e5 4. Nf3 Nbd7 5. Bc4 Be7 6. O-O O-O 7. h3 a6 8. a4 b6 9. Re1 Bb7 10. d5 a5 11. Bb5 Nc5 12. Bg5 Nxd5 13. Nxd5 Bxg5 14. Nxg5 Qxg5 15. Nxc7 Rac8 16. Nd5 Bxd5 17. exd5 f5 18. c3 Ne4 19. Re3 Nf6 20. Rg3 Qh6 21. Re3 f4 22. Re1 e4 23. f3 e3 24. Qd3 Qg5 25. Rad1 Nh5 26. Bd7 Rc5 27. Bg4 Nf6 28. Qf5 Qh6 29. Qe6+ Kh8 30. Qxd6 Re8 31. Be6 Qh4 32. Qxb6 Qf2+ 33. Kh1 e2 34. Ra1 Nh5 35. b4 Ng3+ 36. Kh2 axb4 37. cxb4 Nf1+ 38. Rxf1 Qg3+ 39. Kg1 exf1=Q+ 40. Kxf1 Rc2 41. Qg1 h5 42. Re1 Rb8 43. b5 Ra8 44. Rd1 Rxa4 45. d6 g5 46. d7 Ra8 47. d8=Q+ Rxd8 48. Rxd8+ Kh7 49. Bf5+ Kh6 50. Qb6+ Kg7 51. Rd7+ 1-0


[Site "https://www.chess.com"]

[Event "Titled Tuesday Blitz August 15 Late 2023"]
[White "Ibadov, Dashgyn"]
[Black "NigelDwarf"]
[WhiteFideId "24107514"]
[WhiteElo "2597"]
[BlackElo "2506"]
[Result "0-1"]
[Round "11"]
[TimeControl "180+1"]
[Date "2023.08.15"]
[WhiteClock "0:00:00"]
[BlackClock "0:00:19"]
[Board "41"]

1. e4 c5 2. Nf3 d6 3. d4 cxd4 4. Nxd4 Nf6 5. Nc3 a6 6. Bg5 Nbd7 7. Qe2 h6 8. Bh4 g6 9. f4 e5 10. fxe5 dxe5 11. O-O-O Bg7 12. Nf3 Qc7 13. Qc4 Qxc4 14. Bxc4 O-O 15. Rhe1 b5 16. Bb3 Bb7 17. Nd5 a5 18. Nxf6+ Nxf6 19. Bxf6 Bxf6 20. Bd5 Ra7 21. Bxb7 Rxb7 22. Rd5 Re8 23. Red1 a4 24. a3 b4 25. Ra5 bxa3 26. bxa3 Reb8 27. Rd3 g5 28. h3 h5 29. g4 Rb1+ 30. Kd2 Rh1 31. Nxe5 Re8 32. Nd7 Bb2 33. Rxg5+ Kh7 34. Rxh5+ Kg6 35. Rdd5 f6 36. e5 fxe5 37. Nxe5+ Kf6 38. Rd6+ Ke7 39. Rd7+ Ke6 0-1


[Site "https://www.chess.com"]

[Event "Titled Tuesday Blitz August 15 Late 2023"]
[White "Merino Garcia, Rafael II"]
[Black "Vlassov, Nikolai"]
[WhiteFideId "2209128"]
[BlackFideId "4103360"]
[WhiteElo "2501"]
[BlackElo "2596"]
[Result "0-1"]
[Round "11"]
[TimeControl "180+1"]
[Date "2023.08.15"]
[WhiteClock "0:00:04"]
[BlackClock "0:00:04"]
[Board "42"]

1. d4 Nf6 2. Nf3 e6 3. g3 b5 4. Bg2 Bb7 5. O-O c5 6. a4 b4 7. Bg5 Na6 8. Nbd2 cxd4 9. Nxd4 Bxg2 10. Kxg2 Be7 11. N2b3 O-O 12. Qd3 Qb6 13. e4 h6 14. Bf4 d5 15. e5 Ne4 16. Be3 Nac5 17. Qe2 Qa6 18. Qxa6 Nxa6 19. Nb5 Rfc8 20. Rac1 Nec5 21. Nxc5 Nxc5 22. a5 a6 23. Nd4 Nb7 24. Nb3 Bd8 25. Bb6 Bxb6 26. axb6 Rc6 27. Nd4 Rxb6 28. Ra1 a5 29. Ra2 Nc5 30. b3 f6 31. exf6 gxf6 32. Rfa1 e5 33. Nf5 Kf7 34. Rxa5 Rxa5 35. Rxa5 Rc6 36. Ra7+ Ke6 37. Ng7+ Kd6 38. Ne8+ Ke6 39. Ng7+ Kd6 40. Nf5+ Ke6 41. g4 Nd7 42. Nxh6 Rxc2 43. Rb7 d4 44. Rxb4 d3 45. Nf5 d2 46. Ne3 Rc3 47. Nd1 Rc1 48. Ne3 Re1 49. Nc2 d1=Q 50. Rc4 Rg1+ 51. Kh3 Qf3+ 52. Kh4 Qxf2+ 53. Kh5 Qxh2+ 54. Kg6 Qe2 55. Rc6+ Kd5 56. Nb4+ Ke4 57. Rd6 Rxg4+ 58. Kf7 Nc5 59. Ke7 Qb5 60. Nd5 Qxb3 61. Nxf6+ Kf5 62. Rd5 Qb7+ 63. Kf8 Kxf6 64. Rd6+ Ne6+ 65. Rxe6+ Kxe6 66. Ke8 Qb8# 0-1


[Site "https://www.chess.com"]

[Event "Titled Tuesday Blitz August 15 Late 2023"]
[White "Pinheiro, Iung Alicio de O."]
[Black "Jovic, Stanoje"]
[WhiteFideId "2104350"]
[BlackFideId "905020"]
[WhiteElo "2592"]
[BlackElo "2495"]
[Result "1-0"]
[Round "11"]
[TimeControl "180+1"]
[Date "2023.08.15"]
[WhiteClock "0:00:29"]
[BlackClock "0:00:00"]
[Board "43"]

1. d4 Nf6 2. c4 e6 3. Nc3 Bb4 4. e3 O-O 5. Bd3 c5 6. a3 Bxc3+ 7. bxc3 d5 8. cxd5 exd5 9. Ne2 b6 10. O-O Ba6 11. f3 Bxd3 12. Qxd3 Nc6 13. Ng3 Re8 14. Ra2 Rc8 15. Re2 Rc7 16. Bb2 Rd7 17. Rd1 Na5 18. e4 Nc4 19. e5 Rde7 20. Bc1 Nd7 21. f4 f6 22. Qf3 Nf8 23. Nf5 cxd4 24. Nxe7+ Rxe7 25. Rxd4 fxe5 26. Rxd5 Qe8 27. Qe4 b5 28. a4 Ng6 29. Rxb5 Nd6 30. Qd5+ Kh8 31. Qxd6 Rd7 32. Rb8 1-0


[Site "https://www.chess.com"]

[Event "Titled Tuesday Blitz August 15 Late 2023"]
[White "brm72"]
[Black "Caspi, Israel"]
[BlackFideId "2807394"]
[WhiteElo "2493"]
[BlackElo "2582"]
[Result "0-1"]
[Round "11"]
[TimeControl "180+1"]
[Date "2023.08.15"]
[WhiteClock "0:00:04"]
[BlackClock "0:01:09"]
[Board "44"]

1. e4 e5 2. Nf3 Nc6 3. d4 exd4 4. Nxd4 Nf6 5. Nxc6 bxc6 6. e5 Qe7 7. Qe2 Nd5 8. h4 d6 9. c4 Nb6 10. exd6 Qxe2+ 11. Bxe2 cxd6 12. Bf3 Bd7 13. b3 O-O-O 14. Nc3 d5 15. cxd5 Bb4 16. Bb2 Nxd5 17. Bxd5 cxd5 18. O-O-O Bc6 19. Ne2 f6 20. Nd4 Bd7 21. f3 Rhe8 22. a3 Bd6 23. h5 h6 24. g4 Kb7 25. Rhe1 Bf4+ 26. Kc2 Be5 27. a4 Rc8+ 28. Kd3 Red8 29. Rc1 Be8 30. Rxc8 Rxc8 31. Rc1 Rd8 32. Ba3 Bf7 33. Nf5 d4 34. b4 Bd5 35. Nxg7 Bxf3 36. Ne6 Rc8 37. Rxc8 Kxc8 38. Nxd4 Bxg4 39. Bc1 Bxh5 40. Bxh6 Be8 41. b5 Kb7 42. Be3 Bg6+ 43. Kc4 Be4 44. Ne6 Bc2 45. Nc5+ Kc8 46. a5 f5 47. a6 f4 48. Bf2 f3 49. Ne6 Kb8 50. Nd8 Be4 51. Kc5 Bc7 52. Nc6+ Ka8 53. Kc4 Bb6 54. Nd4 Kb8 55. Bg3+ Kc8 56. Bf2 Kd7 57. Kc3 Kd6 58. Kc4 Bd5+ 59. Kd3 Ke5 60. Bg3+ Kf6 61. Bf2 Kg5 62. Nxf3+ Bxf3 63. Bxb6 axb6 64. Kd4 Kf4 65. a7 Bb7 66. Kd3 Ke5 0-1


[Site "https://www.chess.com"]

[Event "Titled Tuesday Blitz August 15 Late 2023"]
[White "Gamayev, Oleg"]
[Black "djathtaspogradec"]
[WhiteFideId "2802813"]
[WhiteElo "2572"]
[BlackElo "2477"]
[Result "1-0"]
[Round "11"]
[TimeControl "180+1"]
[Date "2023.08.15"]
[WhiteClock "0:01:00"]
[BlackClock "0:00:10"]
[Board "45"]

1. d3 d5 2. e4 Nf6 3. Nd2 g6 4. Ngf3 Bg7 5. Be2 O-O 6. O-O c5 7. c3 Nc6 8. exd5 Nxd5 9. Nb3 b6 10. a4 Bb7 11. a5 Rc8 12. axb6 axb6 13. Qc2 Qd7 14. Re1 Rfd8 15. Bf1 Ba8 16. Nbd2 Nf4 17. Nc4 Nxd3 18. Bxd3 Qxd3 19. Qxd3 Rxd3 20. Nxb6 Rdd8 21. Nxc8 Rxc8 22. Be3 c4 23. Nd2 Ne5 24. Bd4 Nd3 25. Rxe7 Bxd4 26. cxd4 Nxb2 27. Rc1 c3 28. Nb1 Na4 29. Ra7 Bc6 30. Nxc3 Be8 31. Ne2 Rd8 32. Rac7 Nb6 33. f3 Kg7 34. Kf2 Bd7 35. Rb1 Nd5 36. Ra7 Be6 37. Rd1 Rc8 38. Rd2 Rc4 39. Ra3 g5 40. g3 h6 41. Raa2 Kg6 42. Rac2 Rb4 43. Rb2 Ra4 44. f4 Ra3 45. fxg5 hxg5 46. Rbc2 Bg4 47. Rc6+ f6 48. Ng1 Bf5 49. Rc5 Be4 50. Re2 Kf5 51. Nh3 Rf3+ 52. Kg1 Rd3 53. g4+ Kg6 54. Rxe4 Ne3 55. Rxe3 Rxe3 56. Nf2 Re2 57. Kg2 Rd2 58. Rd5 Kf7 59. Rd6 Ke7 60. Rd5 Ke6 61. Ra5 Rxd4 62. Kf3 Kf7 63. Ra6 Kg6 64. Ne4 Rd3+ 65. Ke2 Rh3 66. Rxf6+ Kg7 67. Rf2 Rh4 68. Rg2 Kg6 69. Kf2 Rh8 70. Kg3 Rf8 71. Re2 Ra8 72. h3 Ra3+ 73. Kg2 Ra4 74. Ng3 Ra3 75. Nf5 Kf6 76. Ne3 Rb3 77. Nd5+ Kg6 78. Re3 Rb2+ 79. Kg3 Rb1 80. Re6+ Kf7 81. Re5 Kg6 82. Ne7+ Kf6 83. Re3 Rg1+ 84. Kf2 Ra1 85. Nd5+ Kg6 86. Rf3 Ra2+ 87. Kg3 Ra5 88. Ne3 Ra1 89. Nc4 Rg1+ 90. Kf2 Rc1 91. Ne5+ Kg7 92. Rf5 Kh6 93. Nf7+ Kg6 94. Nxg5 Rc3 95. Kg2 Rc2+ 96. Kg3 Rc8 97. Ne6 Rc3+ 98. Kh4 Rc6 99. Nf4+ Kg7 100. Nh5+ Kh6 101. Rf6+ Rxf6 102. Nxf6 Kg6 103. Ne4 Kf7 104. Kg5 Ke6 105. Kf4 Kf7 106. g5 Kg6 107. Kg4 Kf7 108. Kf5 Kg7 109. g6 Kh6 110. Kf6 Kh5 111. g7 Kh4 112. g8=Q Kh5 113. Qg5# 1-0


[Site "https://www.chess.com"]

[Event "Titled Tuesday Blitz August 15 Late 2023"]
[White "Tsyhanchuk, Stanislav"]
[Black "Przybylski, Wojciech"]
[WhiteFideId "13505130"]
[BlackFideId "1117599"]
[WhiteElo "2468"]
[BlackElo "2562"]
[Result "1-0"]
[Round "11"]
[TimeControl "180+1"]
[Date "2023.08.15"]
[WhiteClock "0:00:53"]
[BlackClock "0:00:00"]
[Board "46"]

1. c4 e5 2. Nc3 Nf6 3. Nf3 Nc6 4. e4 g6 5. d3 Bg7 6. h3 O-O 7. Be3 d6 8. g4 Ne7 9. Bg2 c6 10. O-O Qc7 11. d4 exd4 12. Nxd4 Re8 13. Bf4 Nd7 14. Bg3 Ne5 15. b3 Nd7 16. Rc1 a5 17. Nde2 Ne5 18. f4 Nd7 19. f5 Qb6+ 20. Kh2 d5 21. e5 Bxe5 22. Bxe5 Nxe5 23. f6 Bxg4 24. fxe7 Bxe2 25. Qxe2 Rxe7 26. cxd5 Qc7 27. Kh1 Rae8 28. Qd2 Rd8 29. Qf4 Qd7 30. dxc6 bxc6 31. Ne4 Qe6 32. Qh6 Rde8 33. Nf6+ Qxf6 34. Rxf6 Nd3 35. Rcf1 Ne5 36. Qd2 1-0


[Site "https://www.chess.com"]

[Event "Titled Tuesday Blitz August 15 Late 2023"]
[White "Daianu, Cristian-Clement"]
[Black "Graif, William"]
[WhiteFideId "1208926"]
[BlackFideId "2609835"]
[WhiteElo "2422"]
[BlackElo "2555"]
[Result "0-1"]
[Round "11"]
[TimeControl "180+1"]
[Date "2023.08.15"]
[WhiteClock "0:02:11"]
[BlackClock "0:00:20"]
[Board "47"]

1. e4 e5 2. Nf3 Bc5 3. Bc4 Nf6 4. d3 Nc6 5. c3 d6 6. Nbd2 O-O 7. h3 a6 8. Bb3 Be6 9. Bc2 d5 10. Qe2 h6 11. g4 dxe4 12. dxe4 Nh7 13. Nf1 b5 14. b3 b4 15. Bd2 bxc3 16. Bxc3 Nd4 17. Nxd4 Bxd4 18. O-O-O Qg5+ 19. Bd2 Qe7 20. Kb1 a5 21. Ng3 a4 22. Nf5 Bxf5 23. gxf5 Rfb8 24. Rhg1 Qa3 25. Bc1 Qxa2+ 26. Kxa2 axb3+ 27. Kb1 Ra1# 0-1


[Site "https://www.chess.com"]

[Event "Titled Tuesday Blitz August 15 Late 2023"]
[White "Todorovic, Bojan"]
[Black "Poltorak, Sebastian"]
[WhiteFideId "917087"]
[BlackFideId "1199498"]
[WhiteElo "2440"]
[BlackElo "2552"]
[Result "1-0"]
[Round "11"]
[TimeControl "180+1"]
[Date "2023.08.15"]
[WhiteClock "0:01:26"]
[BlackClock "0:01:20"]
[Board "48"]

1. d4 d5 2. c4 c6 3. Nf3 e6 4. Nbd2 Nf6 5. g3 dxc4 6. Nxc4 Be7 7. Bg2 O-O 8. O-O b5 9. Nce5 Bb7 10. Qc2 a6 11. Rd1 Qb6 12. Ng5 h6 13. Ngxf7 Rxf7 14. Qg6 Rf8 15. Bxh6 Ne8 16. Be4 Qxd4 17. Qh7# 1-0


[Site "https://www.chess.com"]

[Event "Titled Tuesday Blitz August 15 Late 2023"]
[White "Dr_Pepper18"]
[Black "Yurtseven, Melih"]
[BlackFideId "6312160"]
[WhiteElo "2350"]
[BlackElo "2551"]
[Result "0-1"]
[Round "11"]
[TimeControl "180+1"]
[Date "2023.08.15"]
[WhiteClock "0:00:18"]
[BlackClock "0:01:07"]
[Board "49"]

1. d4 d5 2. c4 c6 3. Nc3 Nf6 4. e3 e6 5. Nf3 Nbd7 6. Qc2 b6 7. b3 Bb7 8. Be2 Rc8 9. O-O c5 10. cxd5 cxd4 11. dxe6 dxc3 12. exd7+ Qxd7 13. Rd1 Qc6 14. Ne1 Be7 15. Rd3 O-O 16. Bf3 Ne4 17. Rd4 f5 18. a4 Rfd8 19. Ba3 Bf6 20. Rc4 Qe6 21. Rxc8 Qxc8 22. Be2 Rd2 23. Bc4+ Kh8 24. Qc1 Rxf2 25. Qd1 c2 26. Nxc2 Bxa1 27. Nxa1 Rxg2+ 28. Kxg2 Nc3+ 29. Qf3 Bxf3+ 30. Kxf3 Qc6+ 31. Kf2 Qh1 32. Nc2 Qxh2+ 33. Kf3 Qxc2 0-1


[Site "https://www.chess.com"]

[Event "Titled Tuesday Blitz August 15 Late 2023"]
[White "Polaczek, Richard"]
[Black "Postlmayer, Jakob"]
[WhiteFideId "200026"]
[BlackFideId "1643622"]
[WhiteElo "2396"]
[BlackElo "2548"]
[Result "0-1"]
[Round "11"]
[TimeControl "180+1"]
[Date "2023.08.15"]
[WhiteClock "0:00:39"]
[BlackClock "0:00:29"]
[Board "50"]

1. d4 d5 2. c4 c6 3. Nf3 Nf6 4. Nc3 dxc4 5. e3 b5 6. a4 b4 7. Nb1 Ba6 8. Ne5 e6 9. Nxc4 c5 10. Be2 Nc6 11. Ne5 Bxe2 12. Qxe2 Nxe5 13. dxe5 Nd7 14. f4 Be7 15. Nd2 O-O 16. O-O Qc7 17. a5 f6 18. exf6 Nxf6 19. Nc4 Rad8 20. b3 Nd5 21. Bb2 Bf6 22. Be5 Bxe5 23. fxe5 Qe7 24. Qg4 h6 25. Rf3 Rxf3 26. gxf3 Rf8 27. Rd1 Qf7 28. Kg2 h5 29. Qe4 Nc3 0-1


[Site "https://www.chess.com"]

[Event "Titled Tuesday Blitz August 15 Late 2023"]
[White "Ardila, Oscar Humberto"]
[Black "D`Arruda, Ricardo D."]
[WhiteFideId "4404742"]
[BlackFideId "100692"]
[WhiteElo "2313"]
[BlackElo "2545"]
[Result "1-0"]
[Round "11"]
[TimeControl "180+1"]
[Date "2023.08.15"]
[WhiteClock "0:00:04"]
[BlackClock "0:00:17"]
[Board "51"]

1. d4 Nf6 2. c4 e5 3. dxe5 Ne4 4. Nf3 Nc6 5. e3 d6 6. Be2 dxe5 7. Qc2 Bb4+ 8. Nbd2 Nxd2 9. Bxd2 Bxd2+ 10. Nxd2 Be6 11. O-O Qe7 12. Qc3 O-O 13. a3 a5 14. Bf3 Bd7 15. Ne4 f5 16. Ng3 e4 17. Be2 Ne5 18. Rfd1 Bc6 19. Rd4 g6 20. Rad1 b6 21. b4 axb4 22. axb4 Ba4 23. R1d2 Rfe8 24. c5 bxc5 25. bxc5 Bc6 26. Bc4+ Kg7 27. Bd5 Ra6 28. h3 Kh6 29. Ne2 Nd3 30. Bxc6 Rxc6 31. Nf4 Rxc5 32. Rc4 Rxc4 33. Qxc4 Nxf4 34. exf4 Rd8 35. Rc2 Rd7 36. Qc3 Qg7 37. Qg3 Qa1+ 38. Kh2 Qd1 39. Rc6 Qd4 40. Re6 Kg7 41. Qg5 Rf7 42. Rc6 Qd7 43. Rc3 Qe7 44. Qg3 c5 45. Qe3 Qd6 46. Rxc5 g5 47. g3 gxf4 48. gxf4 Rf6 49. Re5 Qd1 50. Qc3 Kh6 51. Qg3 Rg6 52. Qh4+ Kg7 53. Qe7+ Kh6 54. Qh4+ Kg7 55. Qe7+ Kh6 56. Qf8+ Rg7 57. Qf6+ Rg6 58. Qf8+ Rg7 59. Re6+ Kh5 60. Qxg7 Qf3 61. Qg5# 1-0


[Site "https://www.chess.com"]

[Event "Titled Tuesday Blitz August 15 Late 2023"]
[White "Fiorito, Joaquin"]
[Black "Bochnicka, Vladimir"]
[WhiteFideId "180173"]
[BlackFideId "14943450"]
[WhiteElo "2649"]
[BlackElo "2472"]
[Result "0-1"]
[Round "11"]
[TimeControl "180+1"]
[Date "2023.08.15"]
[WhiteClock "0:01:35"]
[BlackClock "0:01:45"]
[Board "52"]

1. d4 Nf6 2. Nc3 d5 3. Bf4 e6 4. Nb5 Na6 5. e3 Bd7 6. Nf3 c5 7. a4 c4 8. c3 Bxb5 9. axb5 Nc7 10. b6 axb6 11. Rxa8 Nxa8 12. Qa4+ Nd7 13. b3 cxb3 14. Bb5 Nc7 15. Bxc7 Qxc7 16. Ne5 Qxc3+ 17. Ke2 Qc2+ 18. Kf3 Qe4+ 19. Kg3 Bd6 20. Bxd7+ Ke7 21. h4 Rc8 22. Bxc8 Bxe5+ 23. Kh3 Qf5+ 24. g4 Qf3# 0-1


[Site "https://www.chess.com"]

[Event "Titled Tuesday Blitz August 15 Late 2023"]
[White "Papayan, Oleg"]
[Black "KrokerGuy"]
[WhiteFideId "4193911"]
[WhiteElo "2612"]
[BlackElo "2461"]
[Result "1/2-1/2"]
[Round "11"]
[TimeControl "180+1"]
[Date "2023.08.15"]
[WhiteClock "0:00:06"]
[BlackClock "0:00:07"]
[Board "53"]

1. e4 e5 2. Nf3 Nc6 3. Bb5 a6 4. Bxc6 dxc6 5. O-O Ne7 6. Nxe5 Qd4 7. Qh5 g6 8. Nf3 Qxe4 9. Nc3 Qf5 10. Qh4 Bg7 11. Re1 Be6 12. Nd4 Qg4 13. Qxg4 Bxg4 14. Nb3 b6 15. d3 Be6 16. Ne4 O-O-O 17. Ng5 Kd7 18. Nxe6 fxe6 19. c3 c5 20. Bg5 Rde8 21. Re2 h6 22. Bf4 g5 23. Be5 Bxe5 24. Rxe5 Ng6 25. Re4 Nf4 26. g3 Nd5 27. a4 a5 28. Rae1 Rhf8 29. Kg2 Rf6 30. Nd2 Ref8 31. R1e2 Ne7 32. Nc4 Ng6 33. h3 R8f7 34. Ne3 h5 35. Rd2 Kc6 36. Re2 Rd7 37. Nc4 Re7 38. Ne5+ Nxe5 39. Rxe5 Rg6 40. R2e4 Kd6 41. Kf1 Rf7 42. Re2 Rf3 43. R5e3 Rgf6 44. Ke1 h4 45. g4 Kd7 46. Kf1 Kd6 47. Kg2 R3f4 48. b3 c6 49. f3 b5 50. c4 b4 51. Rf2 Rg6 52. Re4 Rgf6 53. Re3 Rd4 54. Rfe2 Rg6 55. Kf2 Ke7 56. Ke1 Kd6 57. Kd2 Rf6 58. Rf2 Rdf4 59. Ke2 Rd4 60. Re4 Rxe4+ 61. dxe4 Rf7 62. Ke3 e5 63. Rd2+ Kc7 64. Rd1 Rd7 65. Rxd7+ Kxd7 66. Kd3 Ke6 67. Ke3 Kf6 68. Kd3 Ke6 69. Ke3 Kf6 70. Kd3 Ke6 1/2-1/2


[Site "https://www.chess.com"]

[Event "Titled Tuesday Blitz August 15 Late 2023"]
[White "Jakic, Ivan"]
[Black "Paszewski, Mateusz"]
[WhiteFideId "14504901"]
[BlackFideId "1141058"]
[WhiteElo "2459"]
[BlackElo "2565"]
[Result "0-1"]
[Round "11"]
[TimeControl "180+1"]
[Date "2023.08.15"]
[WhiteClock "0:01:01"]
[BlackClock "0:00:14"]
[Board "54"]

1. e4 c5 2. Nf3 Nf6 3. e5 Nd5 4. Nc3 Nxc3 5. dxc3 e6 6. Bf4 Qb6 7. Rb1 Nc6 8. Bd3 h6 9. O-O Qc7 10. Re1 b6 11. h4 Bb7 12. Qe2 Be7 13. a3 O-O-O 14. b4 g5 15. hxg5 hxg5 16. Nxg5 Rh4 17. Nh3 Rg8 18. Bg3 Rhg4 19. Be4 Bh4 20. Bf3 Rxg3 21. fxg3 Bxg3 22. Rf1 Bxe5 23. bxc5 Bxc3 24. cxb6 Bd4+ 25. Kh1 Bxb6 26. Qc4 Kb8 27. a4 Qg3 28. Qf4+ Qxf4 29. Nxf4 Kc7 30. a5 Nxa5 31. Bxb7 Nxb7 32. Rf3 Nd6 33. Nd3 f5 34. g3 Ne4 35. Rb4 Nxg3+ 36. Kh2 Ne4 37. Rc4+ Kd8 38. Nf4 Ke7 39. Ra4 Bg1+ 40. Kh3 Ng5+ 41. Kg2 Nxf3+ 42. Kxf3 Bb6 43. Nd3 Kf6 44. c4 d6 45. Ra1 e5 46. Ke2 Rg2+ 47. Kf1 Rg1+ 0-1


[Site "https://www.chess.com"]

[Event "Titled Tuesday Blitz August 15 Late 2023"]
[White "Mazurkiewicz, Michal"]
[Black "Chor, Kevin"]
[WhiteFideId "1124943"]
[BlackFideId "2090740"]
[WhiteElo "2438"]
[BlackElo "2560"]
[Result "0-1"]
[Round "11"]
[TimeControl "180+1"]
[Date "2023.08.15"]
[WhiteClock "0:00:00"]
[BlackClock "0:00:39"]
[Board "55"]

1. e4 c5 2. Nf3 Nc6 3. g3 g6 4. Bg2 Bg7 5. O-O d6 6. d3 Rb8 7. a4 Nf6 8. Re1 Bg4 9. h3 Bxf3 10. Qxf3 Nd4 11. Qd1 O-O 12. c3 Nc6 13. Be3 b5 14. axb5 Rxb5 15. Qc2 Qb8 16. Ra2 Rc8 17. Na3 Rb7 18. Nc4 Nd7 19. f4 Nb6 20. Na5 Nxa5 21. Rxa5 Qc7 22. e5 Rbb8 23. Rea1 dxe5 24. Rxc5 Qd6 25. Rxc8+ Nxc8 26. f5 gxf5 27. Bxa7 Nxa7 28. Rxa7 Qc5+ 29. Qf2 Qxf2+ 30. Kxf2 Rxb2+ 31. Kf1 Bf6 32. Bd5 Rd2 33. Bc4 e4 34. dxe4 fxe4 35. Ra8+ Kg7 36. Be2 Bxc3 37. Ra4 f5 38. Rc4 Be5 39. g4 e6 40. Rc5 Bd6 41. Rb5 f4 42. Rg5+ Kf6 43. Rh5 f3 44. Bc4 Bg3 45. Rh6+ Kg5 46. Rh5+ Kf4 0-1


[Site "https://www.chess.com"]

[Event "Titled Tuesday Blitz August 15 Late 2023"]
[White "Golubev, Mikhail"]
[Black "chessmateto"]
[WhiteFideId "14100983"]
[WhiteElo "2547"]
[BlackElo "2425"]
[Result "0-1"]
[Round "11"]
[TimeControl "180+1"]
[Date "2023.08.15"]
[WhiteClock "0:00:00"]
[BlackClock "0:00:09"]
[Board "56"]

1. e4 c6 2. d4 d5 3. e5 Bf5 4. h4 h6 5. g4 Be4 6. f3 Bh7 7. e6 Qd6 8. exf7+ Kxf7 9. Bd3 Bxd3 10. Qxd3 Nd7 11. f4 Ngf6 12. Nf3 Nxg4 13. Rg1 h5 14. Ne5+ Ke8 15. Nd2 Ndxe5 16. fxe5 Qd7 17. Qg6+ Kd8 18. Nf3 e6 19. Ng5 Rh6 20. Nf7+ Kc7 21. Bxh6 gxh6 22. O-O-O Ne3 23. Rde1 Nf5 24. Qxh5 c5 25. Nd6 Nxd4 26. c3 Nc6 27. Qf7 Bxd6 28. exd6+ Kxd6 29. Qxd7+ Kxd7 30. Rg6 Re8 31. Rxh6 e5 32. Rh7+ Kd6 33. h5 e4 34. h6 Ne5 35. Kc2 Nd3 36. Re2 Nf4 37. Rf2 Ne6 38. Rxb7 d4 39. cxd4 cxd4 40. Rxa7 e3 41. Rf6 Ke5 42. Rg6 Nf4 43. Rg5+ Kf6 44. Rg4 Kf5 45. Rh4 e2 46. Rf7+ Kg6 47. Rhxf4 e1=Q 48. R4f6+ Kh5 49. Rf5+ Kh4 50. Rf4+ Kh3 51. Rf3+ Kg2 52. Rf2+ Qxf2+ 53. Rxf2+ Kxf2 54. Kd3 Rh8 55. Kxd4 Rxh6 56. b4 Ra6 57. b5 Rxa2 0-1


[Site "https://www.chess.com"]

[Event "Titled Tuesday Blitz August 15 Late 2023"]
[White "Budrewicz, Krzysztof"]
[Black "Baghdasaryan, Vahe"]
[WhiteFideId "1127950"]
[BlackFideId "13303139"]
[WhiteElo "2545"]
[BlackElo "2434"]
[Result "1-0"]
[Round "11"]
[TimeControl "180+1"]
[Date "2023.08.15"]
[WhiteClock "0:01:50"]
[BlackClock "0:00:00"]
[Board "57"]

1. d4 d5 2. c3 Nf6 3. g3 Bf5 4. Bg2 e6 5. Nf3 Be7 6. O-O h6 7. Bf4 O-O 8. Qb3 b6 9. Nbd2 Nbd7 10. a4 c5 11. a5 bxa5 12. Qa4 Qb6 13. Ra2 Bd8 14. Rfa1 a6 15. h3 Qb5 16. e3 Re8 17. Bf1 Qxa4 18. Rxa4 c4 19. g4 Bc2 20. R4a2 g5 21. Bg3 Ne4 22. Nxe4 Bxe4 23. Nd2 Bc2 24. Be2 Nf6 25. f3 a4 26. Bd1 Bxd1 27. Rxd1 a5 28. Rxa4 Re7 29. Rda1 Rb7 30. R1a2 Nd7 31. e4 Rb5 32. Bd6 Nb6 33. R4a3 Nc8 34. Bc5 dxe4 35. fxe4 Be7 36. Bxe7 Nxe7 37. Nxc4 f5 38. gxf5 exf5 39. Nd6 Rb6 40. e5 Rba6 41. c4 Nc6 42. Nb5 Nb4 43. Nc7 R8a7 44. Nxa6 Nxa2 45. Rxa2 Rxa6 46. Kf2 Kf7 47. Ke3 Ke6 48. b4 a4 49. b5 Ra5 50. b6 Kd7 51. d5 Ra6 52. c5 Ra5 53. Kd4 a3 54. e6+ Kc8 55. e7 Kd7 56. d6 f4 57. Kd5 Rb5 58. Rxa3 Rb4 59. Ra7+ 1-0


[Site "https://www.chess.com"]

[Event "Titled Tuesday Blitz August 15 Late 2023"]
[White "Osmak, Yuliia"]
[Black "Hirneise, Jens"]
[WhiteFideId "14101602"]
[BlackFideId "24614734"]
[WhiteElo "2518"]
[BlackElo "2475"]
[Result "1-0"]
[Round "11"]
[TimeControl "180+1"]
[Date "2023.08.15"]
[WhiteClock "0:01:53"]
[BlackClock "0:00:18"]
[Board "58"]

1. e4 c6 2. d4 d5 3. Nc3 dxe4 4. f3 e3 5. f4 g6 6. Nf3 Bg7 7. Bc4 Nf6 8. Bxe3 Nd5 9. Qe2 O-O 10. h4 h5 11. Ne5 Be6 12. Nxd5 Bxd5 13. Bd3 Nd7 14. O-O-O Qa5 15. Nxd7 Rfd8 16. Ne5 Qxa2 17. c4 Be6 18. f5 gxf5 19. Qxh5 Bxe5 20. dxe5 Rxd3 21. Rxd3 Qa1+ 22. Kc2 Qxh1 23. Qg5+ Kf8 24. Qh6+ Kg8 25. Bf2 f4 26. Qg5+ Kh7 27. Qh5+ Kg7 28. Qg5+ Kh7 29. Qxf4 Rg8 30. g3 Qh3 31. Be3 Bf5 32. Qh6# 1-0


[Site "https://www.chess.com"]

[Event "Titled Tuesday Blitz August 15 Late 2023"]
[White "Santos Flores, Alberto"]
[Black "Arnold, Ken"]
[WhiteFideId "3601234"]
[BlackFideId "2056836"]
[WhiteElo "2516"]
[BlackElo "2418"]
[Result "1-0"]
[Round "11"]
[TimeControl "180+1"]
[Date "2023.08.15"]
[WhiteClock "0:00:03"]
[BlackClock "0:00:00"]
[Board "59"]

1. e4 c6 2. c4 d5 3. cxd5 cxd5 4. exd5 Qxd5 5. Nc3 Qd8 6. Nf3 Nf6 7. d4 e6 8. Bc4 Be7 9. O-O O-O 10. Ne5 Nbd7 11. Qe2 Nxe5 12. dxe5 Nd7 13. Re1 a6 14. Bd3 Nc5 15. Bc2 a5 16. Qg4 g6 17. Bf4 Bd7 18. Re3 Bc6 19. Rh3 b5 20. Rd1 Nd7 21. Be4 Rc8 22. Bxc6 Rxc6 23. Ne4 Rc4 24. Qf3 Qa8 25. Rxd7 Qxe4 26. Qxe4 Rxe4 27. Be3 Re8 28. Kf1 Rxe5 29. Ke2 Bc5 30. Rb7 Bxe3 31. Rxe3 Rxe3+ 32. Kxe3 b4 33. Rb5 Rc8 34. Kd3 Ra8 35. Kc4 Kg7 36. Rb7 Kf6 37. Kb5 e5 38. Ka4 Ke6 39. Rb5 f5 40. Rxa5 Rd8 41. Ra6+ Kd5 42. Kxb4 Rb8+ 43. Kc3 Kc5 44. a3 e4 45. Re6 Rd8 46. b4+ Kb5 47. Re5+ Kb6 48. a4 Rd3+ 49. Kc4 Rd2 50. Re6+ Kc7 51. a5 Rxf2 52. b5 Rc2+ 53. Kb4 Rxg2 54. Re7+ Kd6 55. Re8 Kd7 56. Rh8 e3 57. Rxh7+ Kd6 58. Rh8 Rg4+ 59. Kc3 Re4 60. Rd8+ Kc7 61. Rd1 Re5 62. b6+ Kb7 63. Kd4 1-0


[Site "https://www.chess.com"]

[Event "Titled Tuesday Blitz August 15 Late 2023"]
[White "Mikhalsky, Vladimir"]
[Black "Mickiewicz, Piotr"]
[WhiteFideId "14144352"]
[BlackFideId "1114891"]
[WhiteElo "2405"]
[BlackElo "2507"]
[Result "1-0"]
[Round "11"]
[TimeControl "180+1"]
[Date "2023.08.15"]
[WhiteClock "0:00:02"]
[BlackClock "0:00:20"]
[Board "60"]

1. c4 c6 2. g3 d5 3. Bg2 Nf6 4. Nf3 Bf5 5. b3 e6 6. O-O Nbd7 7. Bb2 h6 8. d3 Be7 9. Nc3 O-O 10. Re1 Bh7 11. Rc1 Re8 12. Rc2 Qa5 13. Qa1 Ba3 14. Nb1 Bxb2 15. Qxb2 e5 16. b4 Qb6 17. c5 Qc7 18. Nfd2 e4 19. dxe4 Nxe4 20. Nxe4 Bxe4 21. Bxe4 Rxe4 22. Nc3 Re6 23. f4 Rae8 24. Rd1 Nf6 25. b5 Qe7 26. bxc6 bxc6 27. Qb4 h5 28. Qd4 h4 29. f5 Re4 30. Nxe4 Nxe4 31. g4 h3 32. Qe3 Qh4 33. Qf3 Rb8 34. Qf4 Rb4 35. a3 Rb3 36. Rf1 Rxa3 37. Rb2 Rc3 38. g5 Qxf4 39. Rxf4 Nxg5 40. Rb8+ Kh7 41. Rh4# 1-0


[Site "https://www.chess.com"]